[ PARTIDA AOE2 · #477125491 ]
Team RMSicilianos vs Koreans
Equipo del jugador · DERR
[ ANÁLISIS DE REPETICIÓN · EXTRAÍDO DE LA PARTIDA GRABADA ]
Feudal
—
Castillos
—
Imperial
—
| APM promedio | 14.1 |
| APM pico | 30 |
| eAPM promedio | 5.8 |
| Aldeanos / militares | 19 / 0 |
Foco
⚔️ 10.8% · 🌾 89.2%
Feudal
—
Castillos
—
Imperial
—
| APM promedio | 15.2 |
| APM pico | 50 |
| eAPM promedio | 7.0 |
| Aldeanos / militares | 40 / 0 |
Foco
⚔️ 0.9% · 🌾 99.1%
Feudal
—
Castillos
—
Imperial
—
| APM promedio | 15.8 |
| APM pico | 52 |
| eAPM promedio | 7.3 |
| Aldeanos / militares | 32 / 0 |
Foco
⚔️ 7.9% · 🌾 92.1%
Feudal
—
Castillos
—
Imperial
—
| APM promedio | 11.0 |
| APM pico | 23 |
| eAPM promedio | 7.1 |
| Aldeanos / militares | 42 / 0 |
Foco
⚔️ 18.0% · 🌾 82.0%
Feudal
—
Castillos
—
Imperial
—
| APM promedio | 15.0 |
| APM pico | 40 |
| eAPM promedio | 9.3 |
| Aldeanos / militares | 28 / 0 |
Foco
⚔️ 1.9% · 🌾 98.1%
Feudal
—
Castillos
—
Imperial
—
| APM promedio | 12.4 |
| APM pico | 23 |
| eAPM promedio | 9.2 |
| Aldeanos / militares | 55 / 0 |
Foco
⚔️ 18.0% · 🌾 82.0%
Feudal
—
Castillos
—
Imperial
—
| APM promedio | 21.3 |
| APM pico | 53 |
| eAPM promedio | 9.3 |
| Aldeanos / militares | 29 / 0 |
Foco
⚔️ 3.6% · 🌾 96.4%
Feudal
—
Castillos
—
Imperial
—
| APM promedio | 21.0 |
| APM pico | 33 |
| eAPM promedio | 14.3 |
| Aldeanos / militares | 30 / 0 |
Foco
⚔️ 8.2% · 🌾 91.8%
Mapa de la partida
Recursos iniciales + cada clic de construcción. Líneas = muros · curvas = relieve. ◆ oro · ⬟ piedra · ● bayas · ✦ reliquia · ◌ hueco del cierre
Tu base· ✓ Cerrada en 12:00 · 9t muro · frágil
Base de Cicinho· ✓ Cerrada en 12:00 · 0t muro · frágil
Base de Nic94-Necrophos-Papo· ✓ Cerrada en 12:00 · 0t muro · frágil
Base de Amalgon· ✓ Cerrada en 12:00 · 20t muro · frágil
Base de Archduke Tanz FerdiTanned· ✓ Cerrada en 12:00 · 0t muro · frágil
Base de TBAALB· ✓ Cerrada en 12:00 · 30t muro · frágil
Base de Rwibby· ✓ Cerrada en 12:00 · 25t muro · frágil
Base de Brevi· ✓ Cerrada en 14:51 · 0t muro · sin puerta
Terreno inicial suavizado · ◌ = hueco del cierre detectado · pasá el cursor para detalles
Inputs por minuto
— ScaryCurve50192 - - Cicinho
Build order — ScaryCurve50192
36 acciones detectadas en el replay
| 0:02 | Crear | Villager (Male) |
| 0:02 | Crear | Villager (Male) |
| 0:03 | Crear | Villager (Male) |
| 0:03 | Crear | Villager (Male) |
| 0:03 | Crear | Villager (Male) |
| 0:10 | Construir | House |
| 0:12 | Construir | House |
| 2:08 | Crear | Villager (Male) |
| 3:41 | Crear | Villager (Male) |
| 3:41 | Crear | Villager (Male) |
| 3:41 | Crear | Villager (Male) |
| 3:41 | Crear | Villager (Male) |
| 3:59 | Construir | Lumber Camp |
| 4:11 | Construir | House |
| 7:37 | Construir | Donjon |
| 8:34 | Crear | Villager (Male) |
| 8:34 | Crear | Villager (Male) |
| 8:34 | Crear | Villager (Male) |
| 8:34 | Crear | Villager (Male) |
| 10:02 | Construir | Palisade Wall |
| 10:15 | Crear | Villager (Male) |
| 10:15 | Crear | Villager (Male) |
| 10:15 | Crear | Villager (Male) |
| 10:16 | Crear | Villager (Male) |
| 10:34 | Construir | Mill |
| 11:16 | Crear | Villager (Male) |
| 11:36 | Construir | Mining Camp |
| 12:01 | Construir | Lumber Camp |
| 12:16 | Investigar | Feudal Age |
| 12:41 | Construir | House |
| 12:42 | Construir | House |
| 14:41 | Construir | Barracks |
| 15:08 | Construir | Farm |
| 15:08 | Construir | Farm |
| 15:08 | Construir | Farm |
| 15:09 | Construir | Farm |
Build order — Cicinho
67 acciones detectadas en el replay
| 0:08 | Construir | House |
| 0:09 | Construir | House |
| 0:12 | Construir | House |
| 0:13 | Construir | House |
| 0:17 | Crear | Villager (Male) |
| 0:18 | Crear | Villager (Male) |
| 0:18 | Crear | Villager (Male) |
| 0:18 | Crear | Villager (Male) |
| 0:18 | Crear | Villager (Male) |
| 0:19 | Investigar | Loom |
| 2:36 | Crear | Villager (Male) |
| 2:36 | Crear | Villager (Male) |
| 2:37 | Crear | Villager (Male) |
| 4:51 | Crear | Villager (Male) |
| 4:51 | Crear | Villager (Male) |
| 4:51 | Crear | Villager (Male) |
| 4:52 | Crear | Villager (Male) |
| 4:52 | Crear | Villager (Male) |
| 4:52 | Crear | Villager (Male) |
| 4:52 | Crear | Villager (Male) |
| 4:53 | Crear | Villager (Male) |
| 5:19 | Crear | Villager (Male) |
| 5:19 | Crear | Villager (Male) |
| 6:17 | Construir | Lumber Camp |
| 6:23 | Crear | Villager (Male) |
| 6:24 | Crear | Villager (Male) |
| 6:24 | Crear | Villager (Male) |
| 6:24 | Crear | Villager (Male) |
| 6:24 | Crear | Villager (Male) |
| 8:36 | Construir | Mill |
| 10:52 | Crear | Villager (Male) |
| 10:52 | Crear | Villager (Male) |
| 10:53 | Crear | Villager (Male) |
| 10:53 | Crear | Villager (Male) |
| 11:55 | Construir | Mill |
| 12:16 | Construir | House |
| 12:18 | Construir | House |
| 12:19 | Construir | House |
| 12:22 | Construir | House |
| 12:56 | Construir | Barracks |
| 13:30 | Crear | Villager (Male) |
| 13:30 | Crear | Villager (Male) |
| 14:03 | Crear | Villager (Male) |
| 14:03 | Crear | Villager (Male) |
| 14:03 | Crear | Villager (Male) |
| 14:04 | Crear | Villager (Male) |
| 14:04 | Crear | Villager (Male) |
| 14:37 | Construir | Mining Camp |
| 14:52 | Construir | Mining Camp |
| 15:15 | Construir | Farm |
| 15:15 | Construir | Farm |
| 15:16 | Construir | Farm |
| 15:18 | Construir | Farm |
| 15:19 | Construir | Farm |
| 15:21 | Construir | Farm |
| 15:22 | Construir | Farm |
| 15:24 | Construir | Farm |
| 15:30 | Crear | Villager (Male) |
| 15:30 | Crear | Villager (Male) |
| 15:30 | Crear | Villager (Male) |
| 15:31 | Crear | Villager (Male) |
| 17:17 | Construir | Farm |
| 17:18 | Construir | Farm |
| 17:20 | Construir | Farm |
| 17:32 | Crear | Villager (Male) |
| 17:33 | Crear | Villager (Male) |
| 17:39 | Investigar | Feudal Age |
Build order — Nic94-Necrophos-Papo
47 acciones detectadas en el replay
| 0:05 | Crear | Villager (Male) |
| 0:05 | Crear | Villager (Male) |
| 0:06 | Crear | Villager (Male) |
| 0:06 | Crear | Villager (Male) |
| 0:07 | Crear | Villager (Male) |
| 0:10 | Construir | House |
| 0:12 | Construir | House |
| 1:56 | Crear | Villager (Male) |
| 1:56 | Crear | Villager (Male) |
| 2:20 | Crear | Villager (Male) |
| 2:53 | Crear | Villager (Male) |
| 2:53 | Crear | Villager (Male) |
| 2:53 | Crear | Villager (Male) |
| 3:02 | Construir | Lumber Camp |
| 3:22 | Crear | Villager (Male) |
| 3:23 | Crear | Villager (Male) |
| 3:48 | Construir | House |
| 4:20 | Crear | Villager (Male) |
| 4:20 | Crear | Villager (Male) |
| 4:21 | Crear | Villager (Male) |
| 4:28 | Construir | House |
| 4:49 | Crear | Villager (Male) |
| 4:49 | Crear | Villager (Male) |
| 4:49 | Crear | Villager (Male) |
| 5:05 | Crear | Villager (Male) |
| 5:06 | Crear | Villager (Male) |
| 5:31 | Crear | Villager (Male) |
| 5:31 | Crear | Villager (Male) |
| 5:31 | Crear | Villager (Male) |
| 5:42 | Construir | Mill |
| 6:14 | Crear | Villager (Male) |
| 6:14 | Crear | Villager (Male) |
| 6:29 | Crear | Villager (Male) |
| 6:30 | Crear | Villager (Male) |
| 6:42 | Crear | Villager (Male) |
| 6:42 | Crear | Villager (Male) |
| 7:27 | Construir | House |
| 7:29 | Construir | House |
| 7:30 | Construir | House |
| 7:32 | Construir | House |
| 7:33 | Construir | House |
| 8:03 | Construir | Mill |
| 8:18 | Crear | Villager (Male) |
| 8:18 | Crear | Villager (Male) |
| 9:31 | Investigar | Feudal Age |
| 9:31 | Investigar | Feudal Age |
| 10:24 | Construir | Barracks |
Build order — Amalgon
77 acciones detectadas en el replay
| 0:05 | Construir | House |
| 0:07 | Construir | House |
| 0:11 | Crear | Villager (Male) |
| 0:12 | Investigar | Loom |
| 0:13 | Crear | Villager (Male) |
| 0:13 | Crear | Villager (Male) |
| 0:14 | Crear | Villager (Male) |
| 1:40 | Construir | Palisade Wall |
| 2:14 | Construir | Palisade Wall |
| 2:41 | Crear | Villager (Male) |
| 2:41 | Crear | Villager (Male) |
| 4:24 | Construir | Palisade Wall |
| 4:28 | Crear | Villager (Male) |
| 4:28 | Crear | Villager (Male) |
| 4:28 | Crear | Villager (Male) |
| 4:29 | Crear | Villager (Male) |
| 4:29 | Crear | Villager (Male) |
| 4:29 | Crear | Villager (Male) |
| 5:34 | Construir | Mill |
| 5:38 | Crear | Villager (Male) |
| 5:38 | Crear | Villager (Male) |
| 5:38 | Crear | Villager (Male) |
| 5:50 | Crear | Villager (Male) |
| 6:28 | Construir | House |
| 9:06 | Construir | Lumber Camp |
| 9:17 | Construir | House |
| 9:40 | Crear | Villager (Male) |
| 9:41 | Crear | Villager (Male) |
| 9:41 | Crear | Villager (Male) |
| 9:41 | Crear | Villager (Male) |
| 9:41 | Crear | Villager (Male) |
| 9:42 | Crear | Villager (Male) |
| 9:42 | Crear | Villager (Male) |
| 9:54 | Construir | House |
| 10:40 | Construir | Palisade Wall |
| 11:32 | Construir | Palisade Wall |
| 11:45 | Investigar | Feudal Age |
| 11:49 | Investigar | Feudal Age |
| 12:00 | Construir | Barracks |
| 13:10 | Construir | Mill |
| 13:21 | Construir | Mill |
| 13:50 | Construir | House |
| 14:34 | Construir | Gate |
| 15:48 | Construir | Stone Wall |
| 16:12 | Crear | Villager (Male) |
| 16:12 | Crear | Villager (Male) |
| 16:12 | Crear | Villager (Male) |
| 16:47 | Construir | Stone Wall |
| 16:55 | Construir | Stone Wall |
| 17:19 | Construir | Farm |
| 17:20 | Construir | Farm |
| 17:29 | Construir | Farm |
| 17:31 | Construir | Farm |
| 17:32 | Construir | Farm |
| 17:33 | Construir | Farm |
| 17:34 | Construir | Farm |
| 17:36 | Construir | Farm |
| 17:39 | Construir | Farm |
| 17:42 | Construir | Farm |
| 17:43 | Construir | Farm |
| 17:46 | Construir | Farm |
| 18:02 | Crear | Villager (Male) |
| 18:02 | Crear | Villager (Male) |
| 18:03 | Crear | Villager (Male) |
| 18:03 | Crear | Villager (Male) |
| 18:03 | Crear | Villager (Male) |
| 18:04 | Crear | Villager (Male) |
| 18:04 | Crear | Villager (Male) |
| 18:04 | Crear | Villager (Male) |
| 18:44 | Crear | Villager (Male) |
| 18:44 | Crear | Villager (Male) |
| 18:44 | Crear | Villager (Male) |
| 18:44 | Crear | Villager (Male) |
| 18:45 | Crear | Villager (Male) |
| 18:45 | Crear | Villager (Male) |
| 18:45 | Crear | Villager (Male) |
| 18:45 | Crear | Villager (Male) |
Build order — Archduke Tanz FerdiTanned
40 acciones detectadas en el replay
| 0:04 | Crear | Villager (Male) |
| 0:04 | Crear | Villager (Male) |
| 0:04 | Crear | Villager (Male) |
| 0:05 | Crear | Villager (Male) |
| 0:05 | Crear | Villager (Male) |
| 0:07 | Construir | House |
| 0:11 | Construir | House |
| 2:41 | Crear | Villager (Male) |
| 2:41 | Crear | Villager (Male) |
| 2:42 | Crear | Villager (Male) |
| 2:45 | Construir | Lumber Camp |
| 3:08 | Crear | Villager (Male) |
| 4:12 | Crear | Villager (Male) |
| 4:13 | Crear | Villager (Male) |
| 4:13 | Crear | Villager (Male) |
| 4:17 | Construir | House |
| 5:23 | Crear | Villager (Male) |
| 5:23 | Crear | Villager (Male) |
| 5:23 | Crear | Villager (Male) |
| 5:24 | Crear | Villager (Male) |
| 6:07 | Crear | Villager (Male) |
| 6:08 | Crear | Villager (Male) |
| 6:24 | Construir | Mill |
| 7:07 | Crear | Villager (Male) |
| 7:42 | Crear | Villager (Male) |
| 7:59 | Construir | House |
| 9:10 | Crear | Villager (Male) |
| 9:13 | Crear | Villager (Male) |
| 9:18 | Crear | Villager (Male) |
| 9:20 | Crear | Villager (Male) |
| 10:18 | Investigar | Feudal Age |
| 10:47 | Construir | Mining Camp |
| 10:57 | Construir | House |
| 10:59 | Construir | House |
| 11:53 | Crear | Villager (Male) |
| 11:53 | Crear | Villager (Male) |
| 13:05 | Construir | Blacksmith |
| 13:11 | Construir | Market |
| 14:02 | Crear | Villager (Male) |
| 14:02 | Crear | Villager (Male) |
Build order — TBAALB
65 acciones detectadas en el replay
| 0:03 | Investigar | Loom |
| 0:03 | Crear | Villager (Male) ×4 |
| 0:03 | Crear | Villager (Male) ×4 |
| 0:10 | Construir | House |
| 0:13 | Construir | House |
| 0:14 | Construir | House |
| 0:19 | Construir | House |
| 0:36 | Construir | Palisade Wall |
| 1:05 | Construir | Palisade Wall |
| 1:36 | Construir | Palisade Wall |
| 3:08 | Crear | Villager (Male) |
| 3:27 | Crear | Villager (Male) |
| 3:28 | Crear | Villager (Male) |
| 4:06 | Construir | Palisade Wall |
| 4:11 | Crear | Villager (Male) |
| 4:36 | Crear | Villager (Male) |
| 4:57 | Crear | Villager (Male) |
| 5:24 | Crear | Villager (Male) |
| 5:45 | Construir | Lumber Camp |
| 5:49 | Crear | Villager (Male) |
| 7:04 | Crear | Villager (Male) |
| 7:04 | Crear | Villager (Male) |
| 7:05 | Crear | Villager (Male) |
| 7:05 | Crear | Villager (Male) |
| 7:48 | Crear | Villager (Male) |
| 8:01 | Crear | Villager (Male) |
| 8:28 | Crear | Villager (Male) |
| 8:43 | Crear | Villager (Male) |
| 9:35 | Crear | Villager (Male) |
| 9:40 | Construir | Mill |
| 10:00 | Crear | Villager (Male) |
| 10:32 | Investigar | Feudal Age |
| 10:50 | Crear | Villager (Male) ×2 |
| 11:26 | Construir | Mining Camp |
| 11:45 | Crear | Villager (Male) ×5 |
| 11:57 | Construir | Mining Camp |
| 12:35 | Crear | Villager (Male) ×5 |
| 12:35 | Crear | Villager (Male) ×5 |
| 12:35 | Crear | Villager (Male) ×2 |
| 13:06 | Investigar | Stone Mining |
| 13:28 | Construir | House |
| 13:29 | Construir | House |
| 13:31 | Construir | House |
| 13:44 | Construir | Stone Wall |
| 13:54 | Investigar | Wheelbarrow |
| 13:55 | Crear | Villager (Male) ×5 |
| 13:56 | Crear | Villager (Male) ×5 |
| 14:03 | Construir | Barracks |
| 16:08 | Construir | Blacksmith |
| 17:08 | Construir | Farm |
| 17:08 | Construir | Farm |
| 17:08 | Construir | Farm |
| 17:08 | Construir | Farm |
| 17:09 | Construir | Farm |
| 17:10 | Construir | Farm |
| 17:12 | Construir | Farm |
| 17:13 | Construir | Farm |
| 17:21 | Construir | Market |
| 17:49 | Construir | Palisade Wall |
| 18:13 | Construir | House |
| 18:15 | Construir | House |
| 18:16 | Construir | House |
| 18:18 | Construir | House |
| 18:23 | Construir | Archery Range |
| 18:26 | Construir | Archery Range |
Build order — Rwibby
55 acciones detectadas en el replay
| 0:03 | Construir | House |
| 0:05 | Construir | House |
| 0:12 | Crear | Villager (Male) |
| 0:13 | Crear | Villager (Male) |
| 0:13 | Crear | Villager (Male) |
| 0:13 | Crear | Villager (Male) |
| 0:13 | Crear | Villager (Male) |
| 0:48 | Construir | Palisade Wall |
| 2:22 | Construir | Palisade Wall |
| 2:32 | Crear | Villager (Male) |
| 4:29 | Crear | Villager (Male) |
| 4:29 | Crear | Villager (Male) |
| 4:29 | Crear | Villager (Male) |
| 4:30 | Crear | Villager (Male) |
| 4:30 | Crear | Villager (Male) |
| 4:30 | Crear | Villager (Male) |
| 4:49 | Construir | Lumber Camp |
| 5:22 | Crear | Villager (Male) |
| 5:22 | Crear | Villager (Male) |
| 5:23 | Crear | Villager (Male) |
| 6:23 | Crear | Villager (Male) |
| 6:23 | Crear | Villager (Male) |
| 6:42 | Construir | House |
| 6:44 | Construir | House |
| 7:06 | Crear | Villager (Male) |
| 7:12 | Investigar | Loom |
| 8:23 | Construir | Mill |
| 9:24 | Construir | Barracks |
| 9:36 | Construir | House |
| 10:36 | Investigar | Feudal Age |
| 11:01 | Construir | Mining Camp |
| 11:21 | Construir | Mining Camp |
| 12:10 | Crear | Villager (Male) |
| 12:10 | Crear | Villager (Male) |
| 12:51 | Construir | Market |
| 12:54 | Investigar | Double-Bit Axe |
| 13:01 | Crear | Villager (Male) |
| 13:01 | Crear | Villager (Male) |
| 13:49 | Investigar | Gold Mining |
| 14:06 | Construir | Farm |
| 14:53 | Construir | House |
| 14:54 | Construir | House |
| 14:55 | Construir | House |
| 14:57 | Construir | House |
| 15:49 | Investigar | Stone Mining |
| 15:53 | Crear | Villager (Male) |
| 15:53 | Crear | Villager (Male) |
| 15:53 | Crear | Villager (Male) |
| 15:58 | Crear | Villager (Male) |
| 16:33 | Construir | Blacksmith |
| 16:37 | Crear | Villager (Male) |
| 16:38 | Crear | Villager (Male) |
| 17:14 | Construir | Farm |
| 17:16 | Crear | Villager (Male) |
| 17:23 | Construir | Farm |
Build order — Brevi
60 acciones detectadas en el replay
| 0:03 | Construir | House |
| 0:04 | Construir | House |
| 0:07 | Crear | Villager (Male) |
| 0:08 | Crear | Villager (Male) |
| 0:08 | Crear | Villager (Male) |
| 0:08 | Crear | Villager (Male) |
| 0:09 | Crear | Villager (Male) |
| 0:34 | Investigar | Loom |
| 1:13 | Crear | Villager (Male) |
| 1:13 | Crear | Villager (Male) |
| 1:14 | Crear | Villager (Male) |
| 1:37 | Crear | Villager (Male) |
| 2:01 | Crear | Villager (Male) |
| 2:02 | Crear | Villager (Male) |
| 2:18 | Construir | Lumber Camp |
| 2:36 | Crear | Villager (Male) |
| 2:37 | Crear | Villager (Male) |
| 3:48 | Crear | Villager (Male) |
| 3:48 | Crear | Villager (Male) |
| 4:37 | Construir | House |
| 4:48 | Crear | Villager (Male) |
| 4:48 | Crear | Villager (Male) |
| 4:49 | Crear | Villager (Male) |
| 4:49 | Crear | Villager (Male) |
| 5:30 | Crear | Villager (Male) |
| 5:39 | Construir | Mill |
| 6:11 | Crear | Villager (Male) |
| 6:48 | Crear | Villager (Male) |
| 7:25 | Crear | Villager (Male) |
| 8:28 | Investigar | Feudal Age |
| 9:10 | Construir | Mining Camp |
| 10:44 | Construir | Barracks |
| 10:50 | Construir | Blacksmith |
| 10:53 | Crear | Villager (Male) |
| 10:59 | Investigar | Double-Bit Axe |
| 11:32 | Crear | Villager (Male) |
| 11:46 | Investigar | Horse Collar |
| 12:07 | Construir | Market |
| 12:16 | Construir | House |
| 12:20 | Construir | House |
| 12:37 | Construir | Farm |
| 12:39 | Investigar | Horse Collar |
| 12:40 | Crear | Villager (Male) |
| 13:12 | Construir | Farm |
| 13:13 | Crear | Villager (Male) |
| 13:41 | Construir | Farm |
| 13:42 | Crear | Villager (Male) |
| 14:10 | Construir | Farm |
| 14:12 | Crear | Villager (Male) |
| 14:40 | Construir | Farm |
| 14:51 | Investigar | Castle Age |
| 15:22 | Construir | Stable |
| 15:28 | Construir | Stable |
| 16:22 | Construir | Farm |
| 16:40 | Construir | Mining Camp |
| 17:26 | Investigar | Bloodlines |
| 17:44 | Construir | Town Center |
| 17:53 | Crear | Villager (Male) |
| 17:58 | Investigar | Bow Saw |
| 18:24 | Construir | Farm |
Cronología de la partida
| 0:36 | TBAALB · wall_segment Palisade Wall x3 |
| 0:48 | Rwibby · wall_segment Palisade Wall x12 |
| 1:05 | TBAALB · wall_segment Palisade Wall x9 |
| 1:36 | TBAALB · wall_segment Palisade Wall x10 |
| 1:40 | Amalgon · wall_segment Palisade Wall x4 |
| 2:14 | Amalgon · wall_segment Palisade Wall x6 |
| 2:22 | Rwibby · wall_segment Palisade Wall x13 |
| 4:06 | TBAALB · wall_segment Palisade Wall x9 |
| 4:24 | Amalgon · wall_segment Palisade Wall x7 |
| 7:37 | ScaryCurve50192 · first_building Donjon |
| 9:24 | Rwibby · first_building Barracks |
| 10:02 | ScaryCurve50192 · wall_segment Palisade Wall x9 |
| 10:24 | Nic94-Necrophos-Papo · first_building Barracks |
| 10:40 | Amalgon · wall_segment Palisade Wall x1 |
| 10:44 | Brevi · first_building Barracks |
| 11:32 | Amalgon · wall_segment Palisade Wall x13 |
| 12:00 | Amalgon · first_building Barracks |
| 12:56 | Cicinho · first_building Barracks |
| 12:59 | Nic94-Necrophos-Papo · resign |
| 13:44 | TBAALB · wall_segment Stone Wall x16 |
| 14:03 | TBAALB · first_building Barracks |
| 14:41 | ScaryCurve50192 · first_building Barracks |
| 15:22 | Brevi · first_building Stable |
| 15:48 | Amalgon · wall_segment Stone Wall x2 |
| 16:47 | Amalgon · wall_segment Stone Wall x8 |
| 16:55 | Amalgon · wall_segment Stone Wall x5 |
| 17:38 | Brevi · first_market_buy 100 wood |
| 17:49 | TBAALB · wall_segment Palisade Wall x1 |
| 18:23 | TBAALB · first_building Archery Range |
[ ANÁLISIS IA · 1 CRÉDITO ]
¿Qué pasó realmente en esta partida?
Wolo.gg analiza cada decisión: build order, eco, micro, errores típicos por bracket. Análisis personalizado por WhatsApp o Discord en 30 segundos.
Guía civ
Sicilianos
Guía mapa
Black Forest
Perfil
Jugador #310341